 Dungeon Crawl Stone Soup version 0.21-a0-369-g397cdb2 (webtiles) character file.

9668 theanonym the Fighter (level 11, -4/108 HPs)
             Began as a Gargoyle Berserker on Oct 15, 2017.
             Was an Elder of Trog.
             Slain by a white ugly thing (17 damage)
             ... on level 10 of the Dungeon.
             The game lasted 00:21:30 (8859 turns).

theanonym the Fighter (Gargoyle Berserker)          Turns: 8859, Time: 00:21:31

Health: -4/108     AC: 24    Str: 28    XL:     11   Next: 50%
Magic:  11/11      EV: 11    Int:  9    God:    Trog [****..]
Gold:   676        SH:  6    Dex:  9    Spells: 10/10 levels left

rFire    . . .     SeeInvis .   A - +0 war axe
rCold    . . .     Gourm    .   H - +0 buckler
rNeg     + . .     Faith    .   C - +3 scale mail
rPois    ∞         Spirit   .   (no helmet)
rElec    +         Reflect  .   J - scarf {repulsion}
rCorr    +         Harm     .   p - +0 pair of gloves
MR       .....                  F - +2 pair of boots
Stlth    ..........             i - amulet of regeneration
HPRegen  0.68/turn              k - ring of resist corrosion
MPRegen  0.12/turn              (no ring)

@: berserking (expiring), repel missiles, very quick
A: negative energy resistance 1, electricity resistance, unbreathing,
petrification resistance, rot immunity, AC +8
a: Berserk, Trog's Hand, Brothers in Arms, Burn Spellbooks, Renounce Religion


You were on level 10 of the Dungeon.
You worshipped Trog.
Trog was greatly pleased with you.
You were near starving.

You visited 1 branch of the dungeon, and saw 10 of its levels.

You collected 676 gold pieces.

Inventory:

Hand Weapons
 A - a +0 war axe (weapon)
   (You found it on level 9 of the Dungeon)
Missiles
 t - 4 tomahawks (quivered)
 E - 7 javelins of penetration {god gift}
Armour
 f - a +2 chain mail of magic resistance
   (You took it off an orc on level 5 of the Dungeon)
 p - a +0 pair of gloves (worn)
   (You found it on level 6 of the Dungeon)
 y - a +0 shield
   (You found it on level 4 of the Dungeon)
 C - a +3 scale mail (worn)
   (You took it off an orc on level 6 of the Dungeon)
 F - a +2 pair of boots (worn)
   (You found it on level 6 of the Dungeon)
 H - a +0 buckler (worn)
   (You found it on level 6 of the Dungeon)
 J - a scarf of repulsion (worn)
   (You found it on level 7 of the Dungeon)
Jewellery
 i - an amulet of regeneration (around neck)
   (You found it on level 1 of the Dungeon)
 k - a ring of resist corrosion (left hand)
   (You found it on level 1 of the Dungeon)
Wands
 a - a wand of iceblast (11/15)
   (You found it on level 10 of the Dungeon)
 j - a wand of flame (34/48)
   (You found it on level 2 of the Dungeon)
 D - a wand of acid (9/15)
   (You found it on level 6 of the Dungeon)
Scrolls
 d - a scroll of enchant armour {unknown}
 e - 7 scrolls of teleportation
 m - 2 scrolls of magic mapping {unknown}
 n - 6 scrolls of remove curse
 o - a scroll of immolation {unknown}
 q - 3 scrolls of enchant weapon {unknown}
 r - 7 scrolls of identify
 x - a scroll of vulnerability {unknown}
 G - a scroll of random uselessness {unknown}
 I - a scroll of fog {unknown}
Potions
 b - a potion of heal wounds {unknown}
 g - a potion of haste {unknown}
 h - 4 potions of curing
 s - a potion of might {unknown}
 v - a potion of flight {unknown}
 w - 2 potions of lignification {unknown}
 z - 4 potions of mutation {!q}
Comestibles
 c - 7 bread rations
 l - 3 royal jellies
 u - 4 fruits
 B - 2 meat rations


   Skills:
 + Level 10.2 Fighting
 + Level 8.6 Axes
 + Level 9.8 Armour
 - Level 1.5 Dodging
 + Level 9.9 Shields


You had 10 spell levels left.
You didn't know any spells.

Dungeon Overview and Level Annotations

Branches:
Dungeon (10/15)            Temple (0/1) D:4
   Lair: D:8-11         Orc: D:9-12

Altars:
Ashenzari
Fedhas
Lugonu


Innate Abilities, Weirdness & Mutations

You are resistant to torment.
Your stone body is resilient. (AC +8)
You are immune to poison.
You resist negative energy. (rN+)
You are resistant to electric shocks. (rElec)
You can survive without breathing.
You are immune to petrification.
You are immune to rotting.


Message History

You slash the white ugly thing! x2; You slash the purple ugly thing!
The purple ugly thing claws you!
You take 7 damage, and have 85/108 hp.
You slash the white ugly thing! You barely miss the white ugly thing.
You slash the purple ugly thing!
The white ugly thing tentacle-slaps you but does no damage.
You block the purple ugly thing's attack.
A white ugly thing comes into view.
You closely miss the white ugly thing.
The white ugly thing gurgles horribly!
You slash the white ugly thing! You slash the purple ugly thing!
You slice the purple ugly thing!!
The white ugly thing gores you but does no damage.
The white ugly thing tentacle-slaps you but does no damage.
You block the purple ugly thing's attack.
The purple ugly thing claws you.
You take 3 damage, and have 83/108 hp.
You barely miss the white ugly thing. You closely miss the white ugly thing.
You slash the purple ugly thing! You closely miss the purple ugly thing.
You slash the white ugly thing!
The white ugly thing engulfs you but does no damage.
The white ugly thing gores you but does no damage.
You closely miss the white ugly thing. You barely miss the white ugly thing.
You slash the purple ugly thing! You closely miss the purple ugly thing.
You hit the white ugly thing but do no damage.
You block the white ugly thing's attack.
The purple ugly thing barely misses you.
The purple ugly thing claws you but does no damage.
The white ugly thing engulfs you but does no damage.
You barely miss the white ugly thing. You slash the white ugly thing!
You slash the purple ugly thing! You barely miss the purple ugly thing.
You slice the white ugly thing!! The white ugly thing gores you.
The white ugly thing freezes you!!
* * * LOW HITPOINT WARNING * * *
The white ugly thing barely misses you.
The purple ugly thing headbutts you but does no damage.
The purple ugly thing closely misses you.
The white ugly thing basks in the mutagenic energy from its kin and changes!
You take 36 damage, and have 48/108 hp.
MASSIVE DAMAGE!!
You are too berserk!
You slice the white ugly thing!!
You kill the white ugly thing!
Trog accepts your kill.
Your Fighting skill increases to level 10!
You slash the white ugly thing! You hit the purple ugly thing.
You slash the purple ugly thing! You slash the red ugly thing!
The purple ugly thing barely misses you.
The purple ugly thing basks in the mutagenic energy from its kin and changes!
You slash the white ugly thing! You hit the red ugly thing.
You barely miss the purple ugly thing. You hit the brown ugly thing.
You block the purple ugly thing's attack.
You are too berserk!
Unknown command.
You slice the white ugly thing!!
You feel the power of Trog in you as your rage grows.
You kill the white ugly thing!
Trog accepts your kill.
You hit the red ugly thing but do no damage.
You miss the raiju. You slash the brown ugly thing!
You feel the power of Trog in you as your rage grows.
You kill the brown ugly thing!
Trog accepts your kill.
You hit the purple ugly thing. The raiju bites you but does no damage.
The raiju stops to sniff the ground.
The red ugly thing closely misses you.
You slice the purple ugly thing!! You closely miss the red ugly thing.
You closely miss the raiju.
Your scale mail prevents you from hitting the raiju.
The purple ugly thing headbutts you!
* * * LOW HITPOINT WARNING * * *
The raiju bites you but does no damage. The raiju misses you.
The red ugly thing basks in the mutagenic energy from its kin and changes!
You take 12 damage, and have 37/108 hp.
You slice the purple ugly thing!!
You kill the purple ugly thing!
Trog accepts your kill.
You closely miss the white ugly thing. You slash the raiju! You hit the raiju.
You barely miss the large abomination. The large abomination hits you!
* * * LOW HITPOINT WARNING * * *
The raiju bursts into living lightning!
The living lightning misses you. The living lightning hits you! You resist.
* * * LOW HITPOINT WARNING * * *
The raiju blinks!
You take 17 damage, and have 20/108 hp.
You barely miss the white ugly thing. You closely miss the raiju.
You slash the large abomination! The raiju closely misses you.
You slash the white ugly thing!
You hit the large abomination but do no damage.
You hit the white ugly thing. You hit the raiju.
The raiju stops to sniff the ground.
The white ugly thing barely misses you.
The large abomination hits you but does no damage.
The raiju misses you. The white ugly thing barely misses you.
You barely miss the white ugly thing. You slash the raiju!
You barely miss the white ugly thing. You slash the large abomination!
The white ugly thing stings you!
* * * LOW HITPOINT WARNING * * *
The white ugly thing freezes you!
You die...

...........###
##..##...###
..........##
#..###....#.
#.......### ##.##
##..... #......##
##..# ##.... ......##
#..## ##... [...###
#.## ##^. ...## ####
#.# #.. ...# ##u}#####
#.. ...# #.h@.# #..
...# #.uX†# ##. ...#
#.h..## ## ...##
.....###### #
....#####.)$$?#####.##
#
....©.###.(_$.###.©..#
....#####.:[$.#####..#
...## #...... ##.#
...# .X.###. #.#


You could see 2 ugly things, a large abomination and 2 raiju.

Vanquished Creatures
  Erica (D:8)
  2 two-headed ogres (D:10)
  Pikel (D:9)
  An orc knight (D:10)
  4 ugly things (D:10)
  A hippogriff (D:7)
  A wyvern (D:9)
  A wraith (D:10)
  4 yaks
  2 hungry ghosts (D:9)
  The ghost of Humpert the Slasher, an amateur DsGl (D:3)
  Duvessa (D:5)
  Purgy (D:4)
  5 orc warriors
  2 phantoms
  3 sky beasts
  2 ice beasts
  An ogre (D:7)
  2 centaurs
  A big kobold (D:8)
  5 bullfrogs
  A wyvern zombie (D:9)
  A water moccasin zombie (D:6)
  Dowan (D:5)
  A scorpion (D:8)
  3 wights (D:10)
  A howler monkey (D:9)
  3 crimson imps
  2 bullfrog zombies (D:10)
  3 hounds
  A centaur zombie (D:8)
  A gnoll shaman (D:5)
  10 orc wizards
  A quasit (D:9)
  A bullfrog skeleton (D:5)
  An orc priest (D:7)
  3 centaur skeletons
  5 jellies
  2 iguanas
  9 worker ants
  A hound zombie (D:7)
  A hound skeleton (D:3)
  A worker ant zombie (D:7)
  11 gnolls
  11 adders
  4 shadow imps
  An adder skeleton (D:4)
  3 worms
  2 dart slugs
  7 leopard geckos
  30 orcs
  12 bats
  6 giant cockroaches
  21 goblins
  14 hobgoblins
  9 jackals
  8 quokkas
  5 frilled lizards
  2 jackal skeletons
  19 kobolds
  7 rats
267 creatures vanquished.

Vanquished Creatures (others)
  A slave (D:9)
  An orc priest (D:9)
  2 orcs (D:9)
4 creatures vanquished.

Grand Total: 271 creatures vanquished

Notes
Turn   | Place    | Note
-------+----------+-------------------------------------------
     0 | D:1      | theanonym the Gargoyle Berserker began the quest for the Orb.
     0 | D:1      | Reached XP level 1. HP: 14/14 MP: 1/1
   324 | D:1      | Reached XP level 2. HP: 19/19 MP: 2/2
   560 | D:1      | Reached skill level 3 in Axes
  1208 | D:1      | Reached XP level 3. HP: 24/24 MP: 3/3
  1381 | D:2      | Reached ** piety under Trog
  1418 | D:2      | Reached skill level 3 in Armour
  1522 | D:2      | Reached skill level 4 in Fighting
  1525 | D:2      | Reached XP level 4. HP: 24/29 MP: 4/4
  2404 | D:3      | Reached XP level 5. HP: 34/34 MP: 5/5
  2409 | D:3      | Reached *** piety under Trog
  2694 | D:3      | Noticed Humpert's ghost (amateur DsGl)
  2725 | D:3      | Killed Humpert's ghost
  2725 | D:3      | Reached skill level 5 in Fighting
  2725 | D:3      | Reached skill level 4 in Axes
  2725 | D:3      | Reached skill level 4 in Armour
  2725 | D:3      | Reached XP level 6. HP: 36/40 MP: 6/6
  3163 | D:4      | Found a staircase to the Ecumenical Temple.
  3258 | D:4      | Noticed Purgy
  3268 | D:4      | Killed Purgy
  3268 | D:4      | Reached skill level 5 in Armour
  3268 | D:4      | Reached XP level 7. HP: 44/44 MP: 7/7
  3599 | D:4      | Got a fine cloak
  3605 | D:4      | Identified the -1 cloak of Ipny {Int+4} (You found it on level 4 of the Dungeon)
  3628 | D:4      | Found a shattered altar of Ashenzari.
  3971 | D:5      | Entered Level 5 of the Dungeon
  4055 | D:5      | Reached skill level 5 in Axes
  4185 | D:5      | Reached skill level 1 in Shields
  4208 | D:5      | Reached skill level 6 in Fighting
  4327 | D:5      | Reached skill level 2 in Shields
  4452 | D:5      | Reached XP level 8. HP: 43/51 MP: 8/8
  4499 | D:5      | Reached **** piety under Trog
  4554 | D:5      | Noticed Dowan
  4557 | D:5      | Noticed Duvessa
  4563 | D:5      | Killed Dowan
  4563 | D:5      | Reached skill level 3 in Shields
  4571 | D:5      | Killed Duvessa
  4608 | D:5      | Reached skill level 6 in Armour
  4775 | D:5      | Reached skill level 4 in Shields
  5330 | D:6      | Found a blossoming altar of Fedhas.
  5724 | D:7      | Reached skill level 7 in Fighting
  5724 | D:7      | Reached skill level 5 in Shields
  5725 | D:7      | Reached XP level 9. HP: 57/57 MP: 9/9
  5729 | D:7      | Reached skill level 6 in Axes
  5886 | D:7      | Reached skill level 6 in Shields
  5993 | D:7      | Reached skill level 7 in Armour
  6453 | D:8      | Noticed Erica
  6465 | D:8      | Killed Erica
  6465 | D:8      | Reached skill level 8 in Fighting
  6465 | D:8      | Reached skill level 7 in Shields
  6513 | D:8      | Reached XP level 10. HP: 64/64 MP: 10/10
  6612 | D:8      | Reached skill level 7 in Axes
  6891 | D:8      | Reached skill level 8 in Armour
  6891 | D:8      | Reached skill level 8 in Shields
  7281 | D:9      | Noticed Pikel
  7302 | D:9      | Killed Pikel
  7654 | D:9      | Reached skill level 9 in Fighting
  7788 | D:10     | Entered Level 10 of the Dungeon
  7788 | D:10     | Noticed a two-headed ogre
  7799 | D:10     | Killed a two-headed ogre
  7807 | D:10     | Received a gift from Trog
  7817 | D:9      | Reached skill level 9 in Armour
  7817 | D:9      | Reached skill level 9 in Shields
  7866 | D:10     | Noticed a two-headed ogre
  7874 | D:10     | Killed a two-headed ogre
  7874 | D:10     | Reached skill level 8 in Axes
  7874 | D:10     | Reached XP level 11. HP: 71/71 MP: 11/11
  8200 | D:10     | Found a corrupted altar of Lugonu.
  8419 | D:10     | Noticed an orc knight
  8444 | D:10     | Killed an orc knight
  8709 | D:10     | Found a transporter.
  8832 | D:10     | Noticed a purple ugly thing
  8833 | D:10     | Noticed a green ugly thing
  8835 | D:10     | Noticed a red ugly thing
  8836 | D:10     | Noticed a purple ugly thing
  8841 | D:10     | Noticed a white ugly thing
  8848 | D:10     | Noticed a white ugly thing
  8852 | D:10     | Killed a white ugly thing
  8852 | D:10     | Reached skill level 10 in Fighting
  8854 | D:10     | Killed a white ugly thing
  8854 | D:10     | Killed a brown ugly thing
  8856 | D:10     | Killed a purple ugly thing
  8859 | D:10     | Slain by a white ugly thing

Vault maps used:
D:1:      zelgadis_glass_arrival_small, serial_glass, glass_columns_a,
          glass_columns_a, st_stairs_4
D:2:      cheibrodos_greedy_goblins, serial_co_window_serial,
          co_window_corner_a, co_window_of_opportunity_a,
          co_window_of_opportunity_a, co_window_paths_b, co_window_corner_a,
          co_window_corner_cb, co_window_of_opportunity_c, co_window_2corner,
          co_window_4corner_b, co_window_4corner_a, glass_columns_b,
          glass_columns_c, glass_columns_b
D:3:      guppyfry_early_orc_mine
D:4:      nicolae_overflow_crystal_walls, minmay_temple_entry_junction,
          uniq_purgy
D:5:      first_bread, uniq_duvessa
D:6:      basic_altar
D:8:      minmay_misc_feat_columns, uniq_erica
D:9:      uniq_pikel
D:10:     gammafunk_corrupted_shrine, kennysheep_generic_room_15

Skill      XL: |  1  2  3  4  5  6  7  8  9 10 11 |
---------------+----------------------------------+-----
Axes           | 3 4 5 6 8 |  8.6
Armour         | 3 4 5 6 7 9 |  9.8
Fighting       | 4 5 6 7 8 9 10 | 10.2
Shields        | 2 5 7 9 |  9.9
Dodging        | |  1.5

Action                   |  1- 3 |  4- 6 |  7- 9 | 10-12 || total
-------------------------+-------+-------+-------+-------++-------
Melee: Hand axe          |   120 |   255 |   621 |   280 ||  1276
       War axe           |       |       |       |   149 ||   149
Throw: Tomahawk          |       |       |       |     7 ||     7
Invok: Berserk           |     2 |     2 |     8 |     8 ||    20
       Trog's Hand       |       |     2 |     8 |     3 ||    13
  Use: Scroll            |     2 |       |     7 |       ||     9
 Stab: Sleeping          |     1 |       |       |       ||     1
  Eat: Chunk             |     4 |     7 |    22 |    17 ||    50
       Royal jelly       |       |       |     1 |       ||     1
       Meat ration       |       |       |       |     1 ||     1
Armor: Animal skin       |    24 |       |       |       ||    24
       Scale mail        |    40 |   163 |   193 |   211 ||   607
       Chain mail        |       |       |   167 |       ||   167
Dodge: Dodged            |    89 |   162 |   216 |   197 ||   664
       Deflected         |       |       |     2 |     5 ||     7
Block: Shield            |       |       |   137 |       ||   137
       Buckler           |       |       |    39 |   120 ||   159

Table legend:
 A = Spawn XP
 B = Non-spawn XP
 C = Spawn XP percentage of total XP
 D = Spawn monster count
 E = Non-spawn monster count
 F = Spawn count percentage of total count
 G = Total turns spent on level
                    A         B        C        D         E        F      G
               +---------+---------+-------+---------+---------+-------+---------
         Total |       0 |   13812 |   0.0 |       0 |     268 |   0.0 |  8859
               +---------+---------+-------+---------+---------+-------+---------
           D:1 |       0 |      34 |   0.0 |       0 |      21 |   0.0 |  1319
           D:2 |       0 |     113 |   0.0 |       0 |      46 |   0.0 |  1008
           D:3 |       0 |     290 |   0.0 |       0 |      36 |   0.0 |   805
           D:4 |       0 |     422 |   0.0 |       0 |      17 |   0.0 |   839
           D:5 |       0 |    1019 |   0.0 |       0 |      34 |   0.0 |  1048
           D:6 |       0 |     289 |   0.0 |       0 |      10 |   0.0 |   534
           D:7 |       0 |    1378 |   0.0 |       0 |      30 |   0.0 |   774
           D:8 |       0 |    1744 |   0.0 |       0 |      19 |   0.0 |   679
           D:9 |       0 |    2067 |   0.0 |       0 |      21 |   0.0 |   827
          D:10 |       0 |    6456 |   0.0 |       0 |      34 |   0.0 |  1026
               +---------+---------+-------+---------+---------+-------+---------
